Map: Затон РВ

Players

ИИ 1 (эксперт)

  • Race: Protoss Protoss
  • Spawn Location: 5:00

Doll - Winner!

  • Race: Zerg Zerg
  • Spawn Location: 11:00

VOD

Have the link to the VOD?

Description

Time

  • Played on: Oct. 9, 2022, 4:15 p.m.
  • Length: 9:02
Show
View Real Time Build Order
Export as new Build Order

ИИ 1 (эксперт) Protoss 

Build Orders:  

Get SALT Encoding   

  12  0:00  Probe  
  13  0:13  Probe  
  14  0:20  Pylon  
  14  0:25  Probe  
  15  0:34  Probe  
  15  0:42  Probe  
  16  0:48  Assimilator  
  17  0:50  Gateway  
  17  0:52  Probe  
  18  1:00  Probe, Pylon  
  19  1:08  Probe  
  20  1:18  Probe  
  21  1:30  Probe  
  22  1:38  Zealot  
  24  1:40  Cybernetics Core  
  24  1:43  Probe  
  25  1:58  Nexus  
  25  1:59  Probe  
  25  2:07  Probe  
  27  2:16  Probe  
  27  2:19  Warp Gate, Stalker  
  30  2:27  Pylon  
  30  2:28  Probe  
  31  2:37  Gateway  
  31  2:41  Assimilator  
  31  2:45  Probe  
  31  2:47  Stalker  
  34  2:57  Pylon  
  35  2:58  Probe  
  35  3:06  Probe  
  35  3:09  Gateway  
  35  3:11  Stalker  
  36  3:18  Probe  
  39  3:28  Stalker  
  39  3:30  Probe  
  39  3:32  Probe  
  43  3:42  Probe  
  43  3:43  Stalker  
  43  3:44  Probe  
  47  3:53  Stalker  
  47  3:54  Probe  
  48  3:57  Probe  
  51  4:06  Stalker  
  51  4:07  Probe  
  51  4:08  Pylon  
  51  4:09  Probe  
  55  4:17  Pylon  
  55  4:19  Probe  
  55  4:21  Probe, Stalker  
  59  4:25  Stalker  
  59  4:30  Stalker  
  59  4:31  Probe  
  64  4:33  Probe  
  65  4:41  Pylon  
  65  4:43  Probe  
  65  4:45  Probe, Pylon  
  67  4:48  Stalker  
  67  4:52  Stalker  
  71  4:55  Probe  
  71  4:56  Stalker  
  71  4:57  Probe  
  75  5:06  Pylon  
  75  5:07  Probe  
  75  5:09  Probe  
  75  5:11  Stalker  
  79  5:15  Probe  
  79  5:16  Stalker  
  79  5:19  Stalker  
  84  5:21  Probe  
  84  5:23  Probe  
  86  5:29  Twilight Council  
  86  5:33  Probe  
  86  5:34  Adept, Pylon  
  89  5:39  Adept  
  89  5:42  Adept  
  93  5:47  Gateway  
  93  5:54  Zealot  
  95  5:57  Assimilator  
  95  5:59  Assimilator  
  95  6:04  Pylon  
  95  6:06  Zealot  
  97  6:11  Templar Archives  
  97  6:21  Zealot  
  99  6:31  Nexus  
  99  6:44  Forge  
  99  6:49  High Templar x2, Pylon  
  99  6:50  Sentry  
  99  6:52  Pylon  
  99  6:53  Zealot  
  77  7:12  Zealot  
  77  7:13  Adept  
  69  7:21  Forge, Zealot, High Templar  
  53  7:30  Zealot  
  53  7:32  Sentry  
  47  7:40  Probe x2, Pylon  
  47  7:41  Zealot  
  47  7:43  Probe, Robotics Facility, Zealot  
  39  7:51  Zealot  
  39  7:54  Zealot  
  39  7:55  Pylon  
  39  8:02  Zealot  
  39  8:05  Robotics Facility  
  27  8:22  Probe  
  23  8:27  Probe, Zealot  
  23  8:29  Probe  
  20  8:34  Probe  
  20  8:39  Probe  
  18  8:43  Zealot  
  18  8:46  Probe  
  18  8:47  Probe  
  18  8:48  Probe  
Show
View Real Time Build Order
Export as new Build Order

Doll Zerg - Winner!

Build Orders: Hatch First 

Get SALT Encoding   

  12  0:00  Drone  
  13  0:12  Overlord  
  13  0:17  Drone  
  14  0:31  Drone x2  
  14  0:34  Drone  
  17  0:47  Drone  
  18  0:59  Hatchery  
  18  1:00  Drone  
  18  1:07  Drone  
  19  1:19  Spawning Pool  
  19  1:20  Extractor  
  19  1:22  Drone  
  18  1:28  Drone  
  19  1:39  Drone  
  20  1:50  Overlord  
  20  2:01  Drone  
  21  2:08  Queen  
  21  2:10  Queen  
  21  2:11  Zergling x2  
  21  2:14  Zergling x2  
  27  2:23  Drone x2  
  27  2:29  Spine Crawler  
  28  2:33  Drone x2  
  30  2:43  Drone x2  
  32  2:45  Spine Crawler  
  32  2:58  Zergling x2  
  32  3:01  Zergling x2  
  33  3:06  Metabolic Boost  
  33  3:07  Hatchery  
  33  3:11  Zergling x4  
  34  3:16  Overlord  
  34  3:22  Zergling x4  
  36  3:32  Roach Warren  
  36  3:33  Drone  
  36  3:35  Drone  
  36  3:37  Drone  
  36  3:40  Drone  
  39  3:42  Drone  
  39  3:45  Drone  
  41  3:51  Drone x2  
  41  3:54  Overlord  
  43  3:59  Overlord  
  43  4:07  Lair  
  43  4:14  Drone  
  43  4:15  Drone x2  
  43  4:16  Roach  
  48  4:18  Roach  
  48  4:21  Roach  
  48  4:22  Drone  
  53  4:27  Drone x2  
  53  4:29  Drone  
  56  4:32  Drone x2  
  56  4:34  Drone  
  56  4:36  Drone  
  56  4:37  Drone  
  61  4:40  Drone  
  61  4:41  Drone  
  61  4:44  Overlord  
  63  4:48  Drone  
  63  4:51  Overlord  
  65  4:52  Drone  
  65  4:57  Drone  
  66  5:04  Glial Reconstitution  
  66  5:05  Pneumatized Carapace  
  66  5:09  Extractor  
  66  5:10  Overseer  
  66  5:12  Zergling x14  
  66  5:13  Zergling x2  
  73  5:16  Drone  
  73  5:19  Queen  
  76  5:24  Drone x2  
  76  5:25  Zergling x2  
  79  5:28  Overseer  
  79  5:33  Queen  
  79  5:35  Overlord x2  
  81  5:38  Drone  
  81  5:41  Extractor  
  81  5:44  Overlord  
  81  5:46  Extractor  
  81  5:49  Overlord  
  80  5:55  Roach x5  
  91  5:57  Zergling x6  
  91  6:02  Roach  
  91  6:03  Zergling x6  
  91  6:04  Zergling x6  
  101  6:09  Roach  
  101  6:10  Roach  
  105  6:12  Queen  
  105  6:13  Queen  
  105  6:14  Drone  
  110  6:19  Roach  
  110  6:21  Roach  
  114  6:26  Overlord  
  114  6:31  Overlord  
  114  6:37  Hatchery  
  114  6:38  Hydralisk Den  
  112  6:40  Drone  
  112  6:41  Drone  
  112  6:42  Infestation Pit  
  112  6:43  Overlord  
  113  6:49  Drone x4  
  116  6:55  Drone x3, Overlord  
  105  7:07  Spire  
  95  7:08  Drone  
  95  7:09  Drone x3  
  95  7:10  Drone  
  95  7:12  Drone x2  
  95  7:15  Drone  
  96  7:17  Drone  
  96  7:19  Drone  
  97  7:24  Drone  
  94  7:52  Drone x3  
  94  7:53  Drone x6  
  94  7:54  Drone  
  94  7:57  Drone x2  
  106  7:58  Overlord  
  106  8:03  Drone x4  
  106  8:04  Drone x2  
  112  8:05  Queen  
Tags
 
Matchup
ЗvП
Spawn Locations
Cross Positions
Add a new tag
Caveats
  • Supply blocks, unpowered buildings, or Contaminate may cause inaccurate times.
  • Supply counts are checked every 10 seconds.